 Dungeon Crawl Stone Soup version 0.21-a0-2-ge494091 (webtiles) character file.

746 joejoepie the Cudgeler (level 7, -2/67 HPs)
             Began as a Troll Fighter on May 4, 2017.
             Was a Follower of Wu Jian.
             Slain by Duvessa
             ... wielding a +0 short sword
              (5 damage)
             ... on level 6 of the Dungeon on May 21, 2017.
             The game lasted 00:25:51 (4496 turns).

joejoepie the Cudgeler (Troll Fighter)              Turns: 4496, Time: 00:25:51

Health: -2/67      AC:  7    Str: 27    XL:     7   Next: 48%
Magic:  6/6        EV:  9    Int:  4    God:    Wu Jian [*.....]
Gold:   233        SH: 10    Dex: 11    Spells: 6/6 levels left

rFire    + . .     SeeInvis .   i - +3 mace (protect)
rCold    . . .     Gourm    +   c - +1 shield
rNeg     . . .     Faith    .   b - +0 robe
rPois    .         Spirit   .   (helmet restricted)
rElec    .         Reflect  .   (no cloak)
rCorr    .         Harm     .   (gloves unavailable)
MR       .....                  (boots unavailable)
Stlth    +.........             x - amulet of rage
Regen    0.7/turn               w - ring of protection from fire
MPRegen  0.1/turn               (no ring)

@: very slightly contaminated, slowed, very slow
A: unfitting armour, claws 3, icy blue scales 1, agile 1, fast metabolism 3,
gourmand, regeneration 1, shaggy fur 1, tough skin 2, wild magic 1
a: Renounce Religion, Evoke Berserk Rage


You were on level 6 of the Dungeon.
You worshipped Wu Jian.
Wu Jian was aware of your devotion.
You were very full.

You visited 2 branches of the dungeon, and saw 7 of its levels.

You collected 233 gold pieces.

Inventory:

Hand Weapons
 a - a +0 flail
 i - a +3 mace of protection (weapon)
 r - a +0 whip of flaming
 y - a +0 trident
Missiles
 B - 38 stones (quivered)
Armour
 b - a +0 robe (worn)
 c - a +1 shield (worn)
 e - a +0 large shield
 k - a +1 pair of boots
 z - a +0 animal skin
Magical Staves
 t - an uncursed staff of death
Jewellery
 d - an uncursed ring of positive energy
 h - an uncursed ring of ice
 j - an uncursed ring of teleportation
 w - a ring of protection from fire (left claw)
 x - an amulet of rage (around neck)
Wands
 n - a wand of lightning (5/15)
Scrolls
 l - a scroll of recharging
 o - 11 scrolls of identify
 q - a scroll of enchant armour
 s - a scroll of remove curse
 C - a scroll of amnesia
Potions
 g - a potion of ambrosia
 v - 2 potions of curing {unknown}
 A - a potion of berserk rage
Comestibles
 f - 3 bread rations
 m - 2 meat rations
 p - 2 royal jellies
 D - 3 chunks of flesh


   Skills:
 + Level 3.5 Fighting
 + Level 4.8 Maces & Flails
 + Level 3.3 Dodging
 + Level 0.5 Stealth
 + Level 3.7 Shields
 * Level 3.1 Unarmed Combat


You had 6 spell levels left.
You didn't know any spells.

Dungeon Overview and Level Annotations

Branches:
Dungeon (6/15)             Temple (1/1) D:4

Altars:
Ashenzari
Elyvilon
Gozag
Hepliaklqana
Kikubaaqudgha
Qazlal
Ru
Trog
Vehumet
Wu Jian
Xom
Zin
The Shining One

Annotations:
D:6 Dowan; Duvessa; mopl's ghost, journeyman GnBe


Innate Abilities, Weirdness & Mutations

You are too large for most types of armour.
You have claws for hands.
Your metabolism is lightning-fast.
You like to eat raw meat.
Your natural rate of healing is unusually fast.
You are covered in fur. (AC +1)
You have very tough skin. (AC +2)
You are partially covered in icy blue scales. (AC +2)
You are agile. (Dex +2)
Your spells are a little harder to cast, but a little more powerful.


Message History

Dowan gestures at Duvessa while chanting.
Duvessa seems to speed up.
A bullfrog zombie comes into view.
You block Duvessa's attack.
Duvessa says, "My weaknesses are his strengths!"
Duvessa closely misses you. You block Duvessa's attack.
Duvessa closely misses you. Duvessa hits you with a short sword!
* * * LOW HITPOINT WARNING * * *
You block Duvessa's attack. You block Duvessa's attack.
Duvessa hits you with a short sword.
* * * LOW HITPOINT WARNING * * *
You block Duvessa's attack. Duvessa hits you but does no damage.
There is a stone staircase leading up here.
Duvessa hits you with a short sword.
* * * LOW HITPOINT WARNING * * *
Duvessa hits you with a short sword.
You die...

#. #.. .# #..# .#
### ###.Z##.#
####e## .......
##.#.#@#
##....o..##.#e###.#
#..##.#.##e#.## #..
....#..Z.o###.##
###
#...#.#o##.###.#
.(...##(###.#.#.#
##W.....# ##.####
###..#### ###
##...#


You could see Duvessa.

Vanquished Creatures
  A sky beast (D:5)
  An ogre (D:6)
  A bullfrog (D:5)
  A crimson imp (D:4)
  A jelly (D:5)
  2 orc priests (D:4)
  A bullfrog skeleton (D:4)
  An orc wizard (D:5)
  4 worker ants
  A hound skeleton (D:5)
  A worker ant zombie (D:5)
  Robin (D:4)
  8 adders
  A shadow imp (D:6)
  5 oozes
  A worm (D:4)
  2 dart slugs
  2 leopard geckos (D:5)
  13 orcs
  6 bats
  5 giant cockroaches
  4 hobgoblins
  2 jackals (D:3)
  8 kobolds
  2 quokkas (D:3)
  A ball python (D:2)
  A ball python skeleton (D:4)
  9 frilled lizards
  13 goblins
  A leopard gecko zombie (D:5)
  4 rats
104 creatures vanquished.

Notes
Turn   | Place    | Note
-------+----------+-------------------------------------------
     0 | D:1      | joejoepie the Troll Fighter began the quest for the Orb.
     0 | D:1      | Reached XP level 1. HP: 22/22 MP: 0/0
   207 | D:1      | Reached XP level 2. HP: 29/29 MP: 1/1
   526 | D:1      | Reached skill level 2 in Maces & Flails
   704 | D:2      | Reached skill level 1 in Unarmed Combat
   928 | D:2      | Reached XP level 3. HP: 34/36 MP: 2/2
  1218 | D:2      | Gained mutation: You are partially covered in icy blue scales. (AC +2) [potion of mutation]
  1218 | D:2      | Gained mutation: Your spells are a little harder to cast, but a little more powerful. [potion of mutation]
  1218 | D:2      | Gained mutation: You are agile. (Dex +2) [potion of mutation]
  1421 | D:3      | Found an opulent altar of Gozag.
  1587 | D:3      | Reached XP level 4. HP: 43/44 MP: 3/3
  2030 | D:3      | Found a faded altar of an unknown god.
  2410 | D:4      | Found a staircase to the Ecumenical Temple.
  2466 | Temple   | Entered the Ecumenical Temple
  2514 | Temple   | Became a worshipper of the Wu Jian Council
  2662 | D:4      | Reached XP level 5. HP: 47/53 MP: 4/4
  2856 | D:4      | Reached skill level 3 in Maces & Flails
  3092 | D:4      | Reached XP level 6. HP: 21/61 MP: 5/5
  3245 | D:4      | Upgraded the game from 0.20-a0-1101-g1de9d76 to 0.21-a0-2-ge494091
  3399 | D:4      | Noticed Robin
  3427 | D:4      | Killed Robin
  3684 | D:5      | Entered Level 5 of the Dungeon
  3690 | D:5      | Reached * piety under Wu Jian
  3859 | D:5      | Reached skill level 4 in Maces & Flails
  4036 | D:5      | Noticed a sky beast
  4043 | D:5      | Killed a sky beast
  4043 | D:5      | Reached XP level 7. HP: 55/67 MP: 6/6
  4397 | D:6      | Noticed mopl's ghost (journeyman GnBe)
  4484 | D:6      | Noticed Dowan
  4486 | D:6      | Noticed Duvessa
  4496 | D:6      | HP: 3/67 [Duvessa/short sword (4)]
  4496 | D:6      | Slain by Duvessa

Vault maps used:
D:1:      minmay_arrival_semitransparent
D:2:      first_bread
D:3:      chequers_ecumenical_altar_simple_redux, kennysheep_nub,
          hangedman_abyss_or_decor_stabs, kennysheep_another_room,
          nicolae_gozag_seed_capital
D:4:      minmay_temple_entry_statues_fountains, minmay_misc_feat_pillars,
          hangedman_abyss_or_decor_slice, uniq_robin
D:5:      grunt_decor_fettered
D:6:      portal_sewer_entry_e, nicolae_ru_great_annihilating_truth,
          uniq_edmund, uniq_duvessa, uniq_sigmund
Temple:   minmay_crystal_snake_temple

Skill      XL: |  1  2  3  4  5  6  7 |
---------------+----------------------+-----
Maces & Flails | 2 3 4 |  4.8
Unarmed Combat | 1 2 3 |  3.1
Fighting       | 3 |  3.5
Shields        | 3 |  3.7
Dodging        | 3 |  3.3
Stealth        | |  0.5

Action                   |  1- 3 |  4- 6 |  7- 9 || total
-------------------------+-------+-------+-------++-------
Melee: Flail             |   151 |       |       ||   151
       Mace              |    22 |   211 |    48 ||   281
 Abil: Evoke Berserk Rag |       |       |     1 ||     1
  Use: Potion            |     8 |     3 |       ||    11
       Scroll            |     6 |     6 |     2 ||    14
 Stab: Sleeping          |     2 |     1 |       ||     3
  Eat: Chunk             |    21 |    23 |     4 ||    48
Armor: Robe              |    73 |    92 |    13 ||   178
Dodge: Dodged            |    55 |    40 |    13 ||   108
Block: Shield            |   101 |    42 |    22 ||   165
       Large shield      |    17 |   106 |       ||   123
